 Dungeon Crawl Stone Soup version 0.24-a0-459-g225fefd530 (webtiles) character file.

Game seed: 10605545560729058856

21866 tsouns the Unseen (level 12, -3/61 HPs)
             Began as a Vampire Enchanter on June 28, 2019.
             Was a High Priest of Dithmenos.
             Killed from afar by a manticore (16 damage)
             ... with a volley of spikes
             ... on level 11 of the Dungeon.
             The game lasted 00:36:42 (10955 turns).

tsouns the Unseen (Vampire Enchanter)              Turns: 10955, Time: 00:36:42

Health: -3/61      AC:  9    Str:  7    XL:     12   Next: 58%
Magic:  14/23      EV: 13    Int: 22    God:    Dithmenos [*****.]
Gold:   136        SH:  5    Dex: 15    Spells: 10/25 levels left

rFire    . . .     SeeInvis +   H - +3 rapier (vamp)
rCold    + + .     Gourm    .   p - +0 buckler
rNeg     + + +     Faith    .   D - +0 steam dragon scales
rPois    ∞         Spirit   .   o - +0 helmet
rElec    .         Reflect  .   j - scarf {cloud immunity}
rCorr    .         Harm     .   i - +1 pair of gloves
MR       +....                  c - +0 pair of boots (curse)
Stlth    ++++++++++             (no amulet)
HPRegen  0.00/turn              (no ring)
MPRegen  0.18/turn              (no ring)

@: barbed spikes, bloodless, regenerating quickly, wreathed by umbra
A: no food, fangs 3, see invisible, unbreathing
a: Bat Form, Revivify, Shadow Step, Shadow Form, Renounce Religion


You were on level 11 of the Dungeon.
You worshipped Dithmenos.
Dithmenos was extremely pleased with you.
You were bloodless.

You visited 1 branch of the dungeon, and saw 13 of its levels.

You collected 691 gold pieces.
You spent 555 gold pieces at shops.

Inventory:

Hand Weapons
 H - a +3 vampiric rapier (weapon)
 L - a +2 short sword of electrocution
Missiles
 a - 6 datura-tipped darts
 t - 5 javelins
 v - 46 poisoned darts (quivered)
Armour
 c - a cursed +0 pair of boots (worn)
 i - a +1 pair of gloves (worn)
 j - a scarf of cloud immunity (worn)
 o - a +0 helmet (worn)
 p - a +0 buckler (worn)
 D - +0 steam dragon scales (worn)
 F - a +0 cloak
Jewellery
 u - a cursed ring of protection from fire
Wands
 b - a wand of digging (7)
 n - a wand of iceblast (9)
 r - a wand of disintegration (17)
 G - a wand of polymorph (1)
 K - a wand of paralysis (9)
Scrolls
 f - 6 scrolls of remove curse
 h - 4 scrolls of teleportation
 s - 2 scrolls of fog
 y - 2 scrolls of amnesia
 B - a scroll of magic mapping
 C - 2 scrolls of identify
 E - a scroll of vulnerability
Potions
 d - 2 potions of ambrosia
 e - 4 potions of lignification
 g - 3 potions of flight
 k - 2 potions of magic
 l - 2 potions of curing
 q - 2 potions of mutation
 w - a potion of might
 x - a potion of brilliance
 z - a potion of heal wounds
 A - 2 potions of haste
 J - a potion of agility


   Skills:
 + Level 1.4 Fighting
 + Level 11.7 Short Blades
 - Level 2.1 Dodging
 - Level 15.9 Stealth
 - Level 4.0 Shields
 - Level 7.3 Spellcasting
 - Level 3.9 Conjurations
 - Level 14.9 Hexes


You had 10 spell levels left.
You knew the following spells:

 Your Spells              Type           Power        Failure   Level  Hunger
a - Corona                Hex            ######.      1%          1    N/A
b - Ensorcelled Hibernat  Hex/Ice        #####.       1%          2    N/A
c - Confuse               Hex            ######..     1%          3    N/A
d - Tukima's Dance        Hex            ######..     1%          3    N/A
e - Dazzling Spray        Conj/Hex       #####.       1%          3    N/A
f - Confusing Touch       Hex            ######       1%          1    N/A
g - Animate Skeleton      Necr           N/A          8%          1    N/A
h - Apportation           Tloc           #.....       8%          1    N/A

Your spell library contained the following spells:

 Spells                   Type           Power        Failure   Level  Hunger
 Summon Small Mammal      Summ           #...         8%          1    N/A

Dungeon Overview and Level Annotations

Branches:
Dungeon (13/15)            Temple (0/1) D:7             Orc (0/2) D:10
   Lair: D:8-11      Vaults: D:13-14

Altars:
Dithmenos
Fedhas
Gozag
Hepliaklqana
Kikubaaqudgha
Nemelex Xobeh
Qazlal
Ru
Uskayaw
Xom
Yredelemnul
The Shining One

Shops:
D:5 ((   D:10 ?

Annotations:
D:3 2 transporters
D:8 exclusion: ice statue
D:12 Azrael


Innate Abilities, Weirdness & Mutations

You do not eat.
You do not regenerate when monsters are visible.
You are frail without blood (-20% HP).
You are immune to poison.
You have razor-sharp teeth.
You have supernaturally acute eyesight. (SInv)
You can survive without breathing.


Message History

Aiming: Ensorcelled Hibernation (safe; 1% risk of failure)
Press: ? - help, Shift-Dir - straight line, f/p - manticore
Aim: a manticore (umbra, chance to defeat MR: 50%)
The manticore resists with some effort.
The manticore bites you.
The manticore claws you but does no damage.
The manticore claws you!
* * * LOW HITPOINT WARNING * * *
As you read the scroll of fear, it crumbles to dust.
You assume a fearsome visage.
The yak looks frightened! x2
The death yak looks frightened!
The death yak resists with almost no effort.
The orc priest looks frightened!
The manticore looks frightened!
Cornered, the manticore turns to fight!
Cornered, the orc priest turns to fight!
Things that are here:
a +0 club; a +0 falchion The manticore flicks its tail.
The volley of spikes hits you!
The barbed spikes become lodged in your body.
You die... .#### .. ## #Y# ######### .. ........# ##Y# ....<.>.# #Yo

..).....# #H#
........# #)#
........# #)#
#+####### ##@# #.#
##..# #.# #..## #.#
#####'####### #.#
#............ #.#
#............ #.#
#............ #.#
#............
#.########.....<......


You could see 2 death yaks, a manticore, a yak (fleeing) and an orc priest.

Vanquished Creatures
  Frances (D:13)
  Nessos (D:13)
  A hydra (D:13)
  2 centaur warriors
  A two-headed ogre (D:11)
  Erica (D:8)
  A tengu warrior (D:13)
  Urug (D:10)
  The ghost of vogonpoet the Sneak, a novice HuWn of Vehumet (D:8)
  3 skeletal warriors (D:11)
  An unseen horror (D:13)
  A cyclops (D:8)
  An ugly thing (D:13)
  A manticore (D:11)
  Joseph (D:7)
  Maurice (D:8)
  Psyche (D:8)
  4 centaur zombies
  An ice devil (D:8)
  A tengu conjurer (D:13)
  2 trolls
  3 hornets (D:10)
  3 hippogriffs
  A vampire (D:11)
  2 wraiths
  4 wyverns
  A steam dragon (D:8)
  A soldier ant (D:13)
  2 hell hounds (D:13)
  3 orc warriors (D:10)
  A black bear (D:9)
  6 sky beasts
  3 ice beasts
  3 phantoms
  9 centaurs
  6 ogres
  A big kobold (D:9)
  A wyvern zombie (D:8)
  8 bullfrogs
  3 scorpions
  4 wights (D:9)
  A howler monkey (D:10)
  5 crimson imps
  2 bullfrog zombies
  2 quasits
  5 hounds
  3 jellies
  A centaur skeleton (D:5)
  4 orc priests
  11 orc wizards
  Jessica (D:2)
  Terence (D:2)
  3 iguanas
  10 worker ants
  2 hound skeletons (D:7)
  A howler monkey skeleton (D:6)
  2 worker ant zombies
  Robin (D:2)
  8 gnolls
  13 adders
  5 ufetubi (D:8)
  An ooze (D:7)
  An adder skeleton (D:9)
  6 worms
  4 dart slugs (D:1)
  4 leopard geckos
  37 orcs
  5 ball pythons
  7 giant cockroaches
  7 goblins
  14 hobgoblins
  14 jackals
  2 quokkas
  9 bats
  8 frilled lizards
  12 kobolds
  A quokka zombie (D:6)
  6 rats
312 creatures vanquished.

Vanquished Creatures (collateral kills)
  A two-headed ogre (D:10)
1 creature vanquished.

Vanquished Creatures (others)
  A dancing weapon (D:11)
  A bullfrog (D:8)
  A crimson imp (D:8)
  2 plants (D:6)
5 creatures vanquished.

Grand Total: 318 creatures vanquished

Notes
Turn   | Place    | Note
-------+----------+-------------------------------------------
     0 | D:1      | tsouns the Vampire Enchanter began the quest for the Orb.
     0 | D:1      | Reached XP level 1. HP: 13/13 MP: 3/3
   215 | D:1      | Reached XP level 2. HP: 15/15 MP: 5/5
   257 | D:1      | Learned a level 2 spell: Ensorcelled Hibernation
   641 | D:1      | Reached skill level 5 in Stealth
   696 | D:1      | Reached XP level 3. HP: 19/19 MP: 6/6
   875 | D:1      | Reached skill level 5 in Hexes
  1139 | D:2      | Learned a level 3 spell: Confuse
  1213 | D:2      | Noticed Terence
  1218 | D:2      | Killed Terence
  1218 | D:2      | Reached XP level 4. HP: 24/24 MP: 6/8
  1282 | D:2      | Noticed Robin
  1620 | D:2      | Noticed Jessica
  1650 | D:2      | Killed Jessica
  1724 | D:2      | Killed Robin
  1724 | D:2      | Reached XP level 5. HP: 28/28 MP: 4/9
  1820 | D:2      | Learned a level 3 spell: Tukima's Dance
  1858 | D:2      | Found an ancient bone altar of Kikubaaqudgha.
  2386 | D:3      | Found a shadowy altar of Dithmenos.
  2396 | D:3      | Reached skill level 6 in Stealth
  2843 | D:3      | Found a transporter.
  2874 | D:3      | Became a worshipper of Dithmenos the Shadowed
  2957 | D:3      | You fall into a shaft and drop 1 floor!
  3008 | D:4      | Noticed an ogre
  3016 | D:4      | Killed an ogre
  3016 | D:4      | Reached skill level 1 in Shields
  3016 | D:4      | Reached XP level 6. HP: 32/32 MP: 9/11
  3527 | D:4      | Reached skill level 7 in Stealth
  3527 | D:4      | Reached XP level 7. HP: 36/36 MP: 12/12
  3690 | D:4      | Reached * piety under Dithmenos
  3858 | D:3      | Found a transporter.
  3864 | D:3      | Noticed a kobold demonologist
  4311 | D:5      | Entered Level 5 of the Dungeon
  4325 | D:5      | Found a basalt altar of Yredelemnul.
  4366 | D:5      | Found Zerhess's Jewellery Shoppe.
  4367 | D:5      | Found a glowing golden altar of the Shining One.
  4437 | D:5      | Found Iphattaf's Antique Weapon Emporium.
  4593 | D:5      | Found a sacrificial altar of Ru.
  4782 | D:5      | Reached skill level 8 in Stealth
  4782 | D:5      | Reached XP level 8. HP: 23/41 MP: 10/14
  4813 | D:5      | Reached ** piety under Dithmenos
  4830 | D:5      | Found Idgho's Antique Weapon Shop.
  4969 | D:6      | Found a shimmering altar of Xom.
  4975 | D:6      | Reached skill level 5 in Short Blades
  5276 | D:6      | Found a blossoming altar of Fedhas.
  5530 | D:7      | Noticed Joseph
  5604 | D:7      | Noticed a +0 dagger
  5605 | D:7      | Noticed a +0 dagger
  5616 | D:7      | Found a sparkling altar of Nemelex Xobeh.
  5812 | D:7      | Found a hide-covered altar of Uskayaw.
  5837 | D:7      | Reached skill level 9 in Stealth
  6049 | D:7      | Killed Joseph
  6049 | D:7      | Reached skill level 5 in Spellcasting
  6115 | D:7      | Reached XP level 9. HP: 45/45 MP: 12/16
  6141 | D:7      | Learned a level 3 spell: Dazzling Spray
  6303 | D:7      | Found a staircase to the Ecumenical Temple.
  6430 | D:7      | Found a hazy altar of Hepliaklqana.
  6514 | D:8      | Reached *** piety under Dithmenos
  6516 | D:8      | Reached skill level 10 in Stealth
  6516 | D:8      | Reached skill level 1 in Conjurations
  6570 | D:8      | Noticed Maurice
  6581 | D:8      | Killed Maurice
  6631 | D:8      | Noticed a cyclops
  6638 | D:8      | Killed a cyclops
  6638 | D:8      | Reached skill level 10 in Hexes
  6644 | D:8      | Found a runed translucent gate.
  6660 | D:8      | Noticed Erica
  6670 | D:8      | Killed Erica
  6670 | D:8      | Reached skill level 11 in Stealth
  6670 | D:8      | Reached XP level 10. HP: 43/50 MP: 10/19
  6905 | D:8      | Found a runed translucent gate.
  6905 | D:8      | Found a runed translucent gate.
  6943 | D:8      | Noticed an ice statue
  7086 | D:8      | Noticed Psyche
  7093 | D:8      | Killed Psyche
  7185 | D:8      | Found an opulent altar of Gozag.
  7185 | D:8      | Noticed a centaur warrior
  7186 | D:8      | Noticed vogonpoet's ghost (novice HuWn)
  7230 | D:8      | Killed vogonpoet's ghost
  7237 | D:8      | Killed a centaur warrior
  7694 | D:9      | Reached skill level 12 in Stealth
  8098 | D:9      | Found a stormy altar of Qazlal.
  8289 | D:10     | Entered Level 10 of the Dungeon
  8414 | D:10     | Reached **** piety under Dithmenos
  8666 | D:10     | Found a staircase to the Orcish Mines.
  8745 | D:10     | Found Somieg's Magic Scroll Shop.
  8764 | D:10     | Bought a scroll of acquirement for 520 gold pieces
  8764 | D:10     | Bought a scroll of fear for 35 gold pieces
  8775 | D:10     | Learned a level 1 spell: Confusing Touch
  8777 | D:10     | Learned a level 1 spell: Animate Skeleton
  8779 | D:10     | Learned a level 1 spell: Apportation
  8808 | D:10     | Reached XP level 11. HP: 54/54 MP: 22/22
  9076 | D:10     | Noticed Urug
  9082 | D:10     | Killed Urug
  9082 | D:10     | Reached skill level 13 in Stealth
  9407 | D:11     | Noticed a two-headed ogre
  9424 | D:10     | Killed a two-headed ogre
  9704 | D:11     | You fall into a shaft and drop 2 floors!
  9705 | D:13     | Noticed an eight-headed hydra
  9705 | D:13     | Killed an eight-headed hydra
  9705 | D:13     | Reached skill level 14 in Stealth
  9711 | D:13     | Noticed an unseen horror
  9716 | D:13     | Reached skill level 10 in Short Blades
  9718 | D:13     | Killed an unseen horror
  9727 | D:13     | Noticed Nessos
  9731 | D:13     | Killed Nessos
  9761 | D:13     | Reached ***** piety under Dithmenos
  9777 | D:13     | Noticed a tengu warrior
  9804 | D:13     | Killed a tengu warrior
  9933 | D:13     | Noticed a centaur warrior
  9937 | D:13     | Killed a centaur warrior
  9937 | D:13     | Reached XP level 12. HP: 59/59 MP: 23/23
 10027 | D:13     | Reached skill level 15 in Stealth
 10043 | D:13     | Noticed Frances
 10069 | D:13     | Killed Frances
 10273 | D:12     | Noticed Azrael
 10308 | D:12     | Got an ichor-stained ring mail
 10325 | D:11     | Identified the +3 ring mail of the Cuttlefish {Dex+2} (You
                  | found it on level 12 of the Dungeon)
 10401 | D:11     | Noticed a two-headed ogre
 10405 | D:11     | Killed a two-headed ogre
 10918 | D:11     | Reached skill level 1 in Fighting
 10947 | D:11     | Noticed a death yak
 10947 | D:11     | Noticed a death yak
 10955 | D:11     | Killed from afar by a manticore

Levels and vault maps discovered:
D:1:      wheals_arrival_shading, layout_loops_ring
D:2:      layout_basic, marbit_many_paths, first_ration, uniq_robin,
          uniq_terence, uniq_jessica
D:3:      gammafunk_wand_slinger, layout_loops_cross, roderic_lattice_a,
          nicolae_dithmenos_shadow_blocks
D:4:      layout_basic
D:5:      layout_gridville, nicolae_overflow_hidden_temple, lemuel_doored_altar,
          lemuel_round_altar, serial_shops, shop, shop, shop
D:6:      layout_basic, old_standard_altar, fedhas_altar_decomposition
D:7:      layout_rooms, nemelex_altar_shiori, dancing_weapons_uskayaw,
          kennysheep_little_box, temple_green, uniq_joseph
D:8:      cheibrodos_frozen_isle, layout_gridville, ebering_ghost_gozag,
          uniq_maurice, uniq_erica, uniq_psyche
D:9:      lemuel_ice_spiral_2, layout_basic, nicolae_qazlal_style_of_elements
D:10:     layout_stronghold, orc_0_dummy, serial_shops, shop_fountains,
          hangedman_pestilent_swarm, uniq_urug
D:11:     layout_roguey, dpeg_lair_monsters
D:12:     layout_basic, uniq_azrael
D:13:     layout_basic, serial_shops, nicolae_shop_waterfront,
          item_on_display_a, uniq_nessos, uniq_frances

Skill      XL: |  1  2  3  4  5  6  7  8  9 10 11 12 |
---------------+-------------------------------------+-----
Stealth        | 5 6 7 8 9 11 12 14 15 | 15.9
Hexes          | 5 6 7 9 10 11 13 14 | 14.9
Short Blades   | 2 3 4 5 7 8 10 11 | 11.7
Spellcasting   | 3 4 5 6 7 |  7.3
Shields        | 1 2 4 |  4.0
Conjurations   | 2 3 |  3.9
Fighting       | 1 |  1.4
Dodging        | |  2.1

Action                   |  1- 3 |  4- 6 |  7- 9 | 10-12 || total
-------------------------+-------+-------+-------+-------++-------
Melee: Dagger            |    90 |   155 |    16 |       ||   261
       Bite              |     5 |     8 |    18 |    26 ||    57
       Short sword       |       |       |   192 |   148 ||   340
       Rapier            |       |       |       |   199 ||   199
Throw: Dart              |       |       |     1 |       ||     1
 Cast: Ensorcelled Hiber |    11 |    31 |    45 |    70 ||   157
       Corona            |     4 |       |     2 |       ||     6
       Confuse           |       |     1 |    10 |    49 ||    60
       Dazzling Spray    |       |       |     2 |     6 ||     8
       Tukima's Dance    |       |       |       |     4 ||     4
       Confusing Touch   |       |       |       |     6 ||     6
 Abil: Exsanguinate      |     1 |       |       |       ||     1
  Use: Scroll            |       |     9 |    12 |     6 ||    27
       Potion            |       |       |     4 |     6 ||    10
 Stab: Sleeping          |    22 |    38 |    56 |    94 ||   210
       Distracted        |     1 |       |       |     1 ||     2
       Confused          |       |     1 |     5 |    25 ||    31
       Invisible         |       |       |     4 |       ||     4
Armor: Robe              |    21 |    27 |    26 |       ||    74
       Steam dragon scal |       |       |       |    58 ||    58
Dodge: Dodged            |    49 |    62 |   101 |   187 ||   399
Block: Buckler           |       |     8 |    30 |    61 ||    99

Table legend:
 A = Non-vault XP
 B = Vault XP
 C = Vault XP percentage of total XP
 D = Non-vault monster count
 E = Vault monster count
 F = Vault count percentage of total count
                 A         B        C        D         E       F
            +---------+---------+-------+---------+---------+-------
      Total |   21332 |    9906 |  31.7 |     276 |      38 |  12.1
            +---------+---------+-------+---------+---------+-------
        D:1 |      58 |       0 |   0.0 |      30 |       0 |   0.0
        D:2 |      47 |     123 |  72.4 |      17 |      15 |  46.9
        D:3 |     134 |       0 |   0.0 |      26 |       0 |   0.0
        D:4 |     583 |       0 |   0.0 |      26 |       0 |   0.0
        D:5 |     747 |       0 |   0.0 |      13 |       0 |   0.0
        D:6 |     367 |       0 |   0.0 |      15 |       0 |   0.0
        D:7 |     582 |     493 |  45.9 |      18 |       1 |   5.3
        D:8 |    1439 |    3808 |  72.6 |      18 |      13 |  41.9
        D:9 |     939 |       0 |   0.0 |      20 |       0 |   0.0
       D:10 |    4718 |    1453 |  23.5 |      42 |       5 |  10.6
       D:11 |    6173 |       0 |   0.0 |      33 |       0 |   0.0
       D:12 |      70 |       0 |   0.0 |       1 |       0 |   0.0
       D:13 |    5475 |    4029 |  42.4 |      17 |       4 |  19.0
            +---------+---------+-------+---------+---------+-------
